 Dungeon Crawl Stone Soup version 0.30-a0-371-gad7725a93e (webtiles) character file.

Game seed: 15456748854264332124

3481 Lobster4 the Skirmisher (level 9, -18/72 HPs)
             Began as a Minotaur Hunter on Nov 21, 2022.
             Was a Believer of Hepliaklqana.
             Collided with a metal wall (20 damage)
             ... caused by a rakshasa
             ... on level 1 of the Abyss.
             The game lasted 00:19:08 (5896 turns).

Lobster4 the Skirmisher (Minotaur Hunter)           Turns: 5896, Time: 00:19:09

Health: -18/72     AC: 13    Str: 16    XL:     9   Next: 79%
Magic:  9/9        EV: 14    Int:  8    God:    Hepliaklqana [**....]
Gold:   228        SH:  0    Dex: 18    Spells: 8/8 levels left

rFire   . . .      SeeInvis +    a - +2 shortbow
rCold   . . .      Faith    .    (shield currently unavailable)
rNeg    . . .      Spirit   .    g - +0 ring mail
rPois   .          Reflect  .    q - +3 crown of Dyrovepreva {rElec Int+2 SInv}
rElec   +          Harm     .    l - +1 cloak
rCorr   .          Rampage  .    (no gloves)
Will    .....                    y - +1 pair of boots
Stlth   +.........               w - amulet of regeneration
HPRegen 0.00/turn                (no ring)
MPRegen 0.11/turn                (no ring)

@: about to teleport, sick, glowing
A: reduced essence, horns 2, retaliatory headbutt
a: Renounce Religion, Recall Ancestor, Ancestor Identity


You were on level 1 of the Abyss.
You worshipped Hepliaklqana.
Hepliaklqana was pleased with you.
You visited 2 branches of the dungeon, and saw 8 of its levels.
You visited the Abyss 1 time.

You collected 418 gold pieces.
You spent 190 gold pieces at shops.

Inventory:

Hand Weapons
 a - a +2 shortbow (weapon)
 b - a +2 whip of electrocution
 n - a +2 dagger of protection
 r - a +0 short sword
 u - a +1 dagger of holy wrath
 v - a +0 sling
 C - a +0 long sword
Missiles
 f - 7 stones
 i - 17 poisoned darts
 j - a curare-tipped dart
 p - a boomerang of dispersal
 I - 3 boomerangs
Armour
 d - a +0 buckler
 g - a +0 ring mail (worn)
 l - a +1 cloak (worn)
 q - the +3 crown of Dyrovepreva (worn) {rElec Int+2 SInv}
   (You acquired it on level 5 of the Dungeon)

   Int:       It affects your intelligence (+2).
   rElec:     It insulates you from electricity.
   SInv:      It lets you see invisible.
 y - a +1 pair of boots (worn)
 z - an orb of light
 B - a +0 scale mail
Jewellery
 w - an amulet of regeneration (around neck)
Wands
 c - a wand of iceblast (10)
 x - a wand of digging (4)
Scrolls
 e - 2 scrolls of immolation
 t - a scroll of teleportation
 H - a scroll of blinking
 J - a scroll of identify
Potions
 h - 2 potions of curing
 k - 4 potions of brilliance
 m - 2 potions of might
 s - 2 potions of haste
 E - a potion of flight
 F - a potion of cancellation
 G - a potion of invisibility


   Skills:
 + Level 7.9 Fighting
 - Level 2.0 Maces & Flails
 * Level 10.8 Ranged Weapons
 - Level 1.0 Throwing
 - Level 6.0 Armour
 - Level 6.0 Dodging
 - Level 1.0 Stealth
 - Level 2.0 Invocations
 - Level 3.0 Evocations


You had 8 spell levels left.
You didn't know any spells.
Your spell library contained the following spells:

 Spells                   Type           Power      Damage    Failure   Level
 Apportation              Tloc           0%         N/A       58%         1
 Scorch                   Fire           0%         2d5       75%         2
 Dazzling Flash           Conj/Hex       0%         N/A       92%         3
 Inner Flame              Hex/Fire       0%         N/A       92%         3
 Mephitic Cloud           Conj/Pois/Air  0%         N/A       92%         3
 Vhi's Electric Charge    Tloc/Air       0%         N/A       92%         3
 Flame Wave               Conj/Fire      0%         2d4       100%        4
 Manifold Assault         Tloc           0%         N/A       100%        4
 Sticky Flame             Conj/Fire      0%         2d3       100%        4
 Agony                    Necr           0%         N/A       100%        5
 Alistair's Intoxication  Tmut/Pois      0%         N/A       100%        5
 Silence                  Hex/Air        0%         N/A       100%        5
 Dispersal                Tloc           0%         N/A       100%        6
 Disjunction              Tloc           0%         N/A       100%        8
 Fire Storm               Conj/Fire      0%         5d1       100%        9


Dungeon Overview and Level Annotations

Branches:
Dungeon (7/15)             Temple (1/1) D:4

Altars:
Ashenzari
Cheibriados
Dithmenos
Elyvilon
Fedhas
Gozag
Hepliaklqana
Makhleb
Nemelex Xobeh
Okawaru
Qazlal
Ru
Sif Muna
Trog
Uskayaw
Vehumet
Wu Jian
Xom
Yredelemnul
Zin
The Shining One

Shops:
D:1 *   D:6 !

Annotations:
D:3 1 exclusion


Innate Abilities, Weirdness & Mutations

Your life essence is reduced to manifest your ancestor. (-10% HP)
You have a pair of horns on your head.
You reflexively headbutt those who attack you in melee.


Message History

Aim: an ancient zyme (haloed, 94% to hit)
You shoot an arrow.
The arrow hits the ancient zyme but does no damage.
The ancient zyme hits you but does no damage.
The ancient zyme hits you!
The starcursed mass touches Sofian!
A starcursed mass splits.
Sofian hits the starcursed mass with a +0 flail!
The starcursed mass shudders and is absorbed by its neighbour.
Fire: a) +2 shortbow
Press: ? - help, Q - select action, (/) - cycle Shift-Dir - straight line, f/p - ancient zyme
Aim: an ancient zyme (ally target, haloed, 94% to hit)
You shoot an arrow. The arrow hits the ancient zyme!
The ancient zyme is heavily damaged.
The ancient zyme barely misses you.
The ancient zyme hits you but does no damage.
The starcursed mass touches Sofian!
Sofian is destroyed!
Fire: a) +2 shortbow
Press: ? - help, Q - select action, (/) - cycle Shift-Dir - straight line, f/p - ancient zyme
Aim: an ancient zyme (heavily damaged, haloed, 94% to hit)
You shoot an arrow. The arrow hits the ancient zyme!
The ancient zyme is almost destroyed.
The ancient zyme hits you.
* * * LOW HITPOINT WARNING * * *
The ancient zyme hits you but does no damage.
The rakshasa hits you but does no damage.
The ancient zyme hits you but does no damage.
The ancient zyme barely misses you.
Fire: a) +2 shortbow
Press: ? - help, Q - select action, (/) - cycle Shift-Dir - straight line, f/p - ancient zyme
Aim: an ancient zyme (almost destroyed, haloed, 94% to hit)
You shoot an arrow. The arrow hits the ancient zyme.
You destroy the ancient zyme!
The ancient zyme shimmers and vanishes!
The rakshasa gestures at you. The lance of force hits you!
* * * LOW HITPOINT WARNING * * *
You are knocked back by the lance of force.
You slam into the metal wall!
You die...

### ### . ยง#
#@##..# ## .
# # ##.RGX# #
#.# #
#...#X..# #..
#
.#.###X##...#
##.... .#...
..#. .## .
#.. #..#....
#.#. # .. # .
.#..# # .# ..
...#### # .
... .x ....


You could see 3 starcursed masses, an ophan and a rakshasa.

Vanquished Creatures
  A komodo dragon (D:7)
  Menkaure (D:6)
  4 black bears
  A sky beast (D:7)
  An ice beast (D:6)
  2 ogres
  A phantom (D:5)
  A centaur (D:7)
  A kobold brigand (D:7)
  A bullfrog (D:7)
  3 scorpions
  A small abomination (Abyss:1)
  A howler monkey (D:4)
  An iron imp (D:3)
  A jelly (D:5)
  2 orc priests
  A hound (D:7)
  3 iguanas
  5 orc wizards
  Natasha (thrice) (D:2)
  A gnoll (D:7)
  7 adders
  A shadow imp (D:6)
  A white imp (D:7)
  3 ufetubi (D:6)
  6 dart slugs
  A worm (D:4)
  20 orcs
  5 bats
  3 endoplasms
  2 giant cockroaches (D:1)
  5 goblins
  6 hobgoblins
  8 jackals
  4 quokkas
  8 ball pythons
  A frilled lizard (D:1)
  6 kobolds
  7 rats
130 creatures vanquished.

Vanquished Creatures (collateral kills)
  A large abomination (Abyss:1)
  A neqoxec (Abyss:1)
  A water moccasin (D:6)
  An ogre (D:7)
  A centaur (D:7)
  A necrophage (D:6)
  A bullfrog (D:7)
  A scorpion (D:5)
  A small abomination (Abyss:1)
  2 jellies
  2 orc priests
  2 iguanas (D:6)
  An orc wizard (D:7)
  An adder (D:5)
  A gnoll (D:7)
  2 orcs (D:5)
  3 kobolds (D:7)
23 creatures vanquished.

Vanquished Creatures (others)
  A knight (Abyss:1)
  2 ancestors
  9 plants (D:3)
12 creatures vanquished.

Grand Total: 165 creatures vanquished

Notes
Turn   | Place    | Note
-------+----------+-------------------------------------------
     0 | D:1      | Lobster4 the Minotaur Hunter began the quest for the Orb.
     0 | D:1      | Reached XP level 1. HP: 18/18 MP: 0/0
   105 | D:1      | Reached skill level 1 in Stealth
   222 | D:1      | Reached XP level 2. HP: 25/25 MP: 1/1
   269 | D:1      | Found Yxemm's Assorted Antiques.
   372 | D:1      | Reached skill level 1 in Armour
   707 | D:2      | Reached XP level 3. HP: 30/30 MP: 2/2
   725 | D:2      | Found a burning altar of Makhleb.
   761 | D:2      | Reached skill level 5 in Ranged Weapons
  1081 | D:2      | Found a faded altar of an unknown god.
  1156 | D:2      | Noticed Natasha
  1164 | D:2      | Killed Natasha
  1165 | D:2      | Reached XP level 4. HP: 36/38 MP: 3/3
  1329 | D:2      | Noticed Natasha
  1344 | D:2      | Killed Natasha
  1607 | D:2      | Noticed Natasha
  1618 | D:2      | Killed Natasha
  1738 | D:3      | Reached XP level 5. HP: 45/45 MP: 4/4
  1788 | D:3      | Found a basalt altar of Yredelemnul.
  1805 | D:3      | Found a snail-covered altar of Cheibriados.
  2225 | D:3      | Reached skill level 1 in Maces & Flails
  2250 | D:3      | Found a shimmering blue altar of Sif Muna.
  2530 | D:4      | Found a staircase to the Ecumenical Temple.
  2547 | Temple   | Entered the Ecumenical Temple
  2572 | Temple   | Became a worshipper of Hepliaklqana the Forgotten
  2787 | D:4      | Noticed a black bear
  2798 | D:4      | Noticed an ogre
  2928 | D:4      | Reached skill level 6 in Ranged Weapons
  2928 | D:4      | Reached XP level 6. HP: 34/52 MP: 5/5
  3189 | D:4      | Reached XP level 7. HP: 50/60 MP: 6/6
  3298 | D:4      | Reached * piety under Hepliaklqana
  3643 | D:4      | Found a glowing golden altar of the Shining One.
  3944 | D:5      | Entered Level 5 of the Dungeon
  3951 | D:5      | Reached skill level 7 in Ranged Weapons
  3951 | D:5      | Identified a scroll of acquirement
  3951 | D:5      | Acquired the +3 crown of Dyrovepreva {rElec Int+2 SInv}
  3951 | D:5      | Found the +3 crown of Dyrovepreva {rElec Int+2 SInv}
  4260 | D:5      | Reached skill level 5 in Fighting
  4260 | D:5      | Reached skill level 1 in Throwing
  4260 | D:5      | Reached skill level 1 in Invocations
  4296 | D:5      | Reached skill level 1 in Evocations
  4298 | D:5      | Found a sparkling altar of Nemelex Xobeh.
  4312 | D:5      | Found a blossoming altar of Fedhas.
  4318 | D:5      | Got the Quarto of the Incandescent Zephyr
  4416 | D:5      | Found a sacrificial altar of Ru.
  4608 | D:5      | Reached XP level 8. HP: 61/61 MP: 8/8
  4625 | D:5      | Found a shimmering altar of Xom.
  4779 | D:6      | Reached ** piety under Hepliaklqana
  4881 | D:6      | Reached skill level 8 in Ranged Weapons
  4881 | D:6      | Reached skill level 5 in Dodging
  4886 | D:6      | Reached skill level 5 in Armour
  5029 | D:6      | Found Nisuz's Distillery.
  5038 | D:6      | Bought a potion of flight for 30 gold pieces
  5038 | D:6      | Bought a potion of cancellation for 80 gold pieces
  5038 | D:6      | Bought a potion of invisibility for 80 gold pieces
  5094 | D:6      | Noticed Menkaure
  5102 | D:6      | Killed Menkaure
  5285 | D:7      | Noticed a komodo dragon
  5348 | D:7      | Found a bloodstained altar of Trog.
  5392 | D:7      | Remembered your ancestor Sofian as a knight
  5444 | D:7      | Reached XP level 9. HP: 67/67 MP: 9/9
  5496 | D:7      | Killed a komodo dragon
  5497 | D:7      | Reached skill level 9 in Ranged Weapons
  5763 | Abyss:1  | Cast into level 1 of the Abyss (gnoll sergeant)
  5800 | Abyss:1  | Reached skill level 10 in Ranged Weapons
  5840 | Abyss:1  | Noticed a large abomination
  5849 | Abyss:1  | Killed a large abomination
  5858 | Abyss:1  | Noticed a starcursed mass
  5864 | Abyss:1  | Noticed a rakshasa
  5883 | Abyss:1  | Noticed an ancient zyme
  5888 | Abyss:1  | Noticed an ophan
  5896 | Abyss:1  | HP: 2/72 [rakshasa/lance of force (17)]
  5896 | Abyss:1  | Collided with a metal wall

Illustrated notes

Levels and vault maps discovered:
D:1:      spicycebolla_green_bress_n_ham, layout_basic, serial_shops,
          nicolae_lakefront_shop
D:2:      layout_basic, dreamdust_ecumenical_altar_angels_and_demons,
          basic_altar, uniq_natasha
D:3:      layout_basic, slow_altar_1, led_sif_book,
          mainiacjoe_overflow_six_doors_small, serial_bayou_lake_a
D:4:      layout_basic, tso_metal_star, minmay_temple_entry_offerings
D:5:      layout_basic, fedhas_altar_2, mainiacjoe_overflow_alcove_2,
          nemelex_xobeh_ov_fountains_minmay, marbit_many_paths
D:6:      layout_rooms, serial_shops, nicolae_lakefront_shop, uniq_menkaure
D:7:      kennysheep_big_flooded_room, layout_basic, kennysheep_little_box,
          serial_corexii_hall, chequers_hall_statues_corner_a,
          corexii_hall_statues_i
Temple:   chequers_temple_sunken
Abyss:1:  base:
D:7

Skill      XL: |  1  2  3  4  5  6  7  8  9 |
---------------+----------------------------+-----
Stealth        | 1 |  1.0
Armour         | 1 2 3 4 5 6 |  6.0
Fighting       | 3 4 5 6 7 |  7.9
Ranged Weapons | 5 6 7 8 10 | 10.8
Dodging        | 3 4 5 6 |  6.0
Maces & Flails | 1 2 |  2.0
Throwing       | 1 |  1.0
Invocations    | 1 2 |  2.0
Evocations     | 1 2 3 |  3.0

Action                   |  1- 3 |  4- 6 |  7- 9 || total
-------------------------+-------+-------+-------++-------
Melee: Whip              |       |    19 |     2 ||    21
       Headbutt          |       |     3 |     1 ||     4
 Fire: Shortbow          |    90 |   160 |   309 ||   559
Invok: Recall Ancestor   |       |       |     2 ||     2
       Ancestor Life: Kn |       |       |     1 ||     1
  Use: Scroll            |       |     8 |    12 ||    20
       Potion            |       |       |     4 ||     4
Armor: Leather armour    |     8 |     9 |    19 ||    36
       Ring mail         |       |       |    23 ||    23
       Skin              |       |       |     5 ||     5
Dodge: Dodged            |    17 |    31 |    57 ||   105

Table legend: (Time is in decaauts)
 A = Elapsed time spent in this place.
 B = Non-inter-level travel time spent in this place.
 C = Inter-level travel time spent in this place.
 D = Time resting spent in this place.
 E = Time spent auto-exploring this place.
 F = Levels seen in this place.
 G = Mean time per level.
                   A        B        C        D        E       F      G
               +--------+--------+--------+--------+--------+-----+--------+
         Total |   6089 |   5764 |    325 |    353 |   4068 |   9 |  676.6 |
       Dungeon |   5737 |   5417 |    320 |    353 |   3849 |   7 |  819.6 |
        Temple |    216 |    211 |      5 |      0 |    186 |   1 |  216.0 |
         Abyss |    135 |    135 |      0 |      0 |     33 |   1 |  135.0 |
               +--------+--------+--------+--------+--------+-----+--------+

Top non-repeatable levels by time:
     D:4: 1139 daAuts
     D:2: 1075 daAuts
     D:3: 986 daAuts
     D:5: 887 daAuts
     D:1: 680 daAuts
     D:7: 493 daAuts
     D:6: 475 daAuts
  Temple: 216 daAuts
 Abyss:1: 135 daAuts
